 Dungeon Crawl Stone Soup version 0.22-a0-362-g535178c (webtiles) character file.

1 Amnesiac the Magician (level 1, 0/13 HPs)
             Began as a Mummy Wizard on Apr 21, 2018.
             Slain by a kobold
             ... wielding a +0 short sword
              (5 damage)
             ... on level 2 of the Dungeon.
             The game lasted 00:00:18 (72 turns).

Amnesiac the Magician (Mummy Wizard)                  Turns: 72, Time: 00:00:18

Health: 0/13       AC:  2    Str: 10    XL:     1   Next: 16%
Magic:  1/5        EV: 12    Int: 17    God:
Gold:   0          SH:  0    Dex: 10    Spells: 7/8 levels left

rFire    x . .     SeeInvis .   (no weapon)
rCold    + . .     Gourm    .   (no shield)
rNeg     + + +     Faith    .   a - +0 robe
rPois    ∞         Spirit   .   b - +0 hat
rElec    .         Reflect  .   (no cloak)
rCorr    .         Harm     .   (no gloves)
MR       .....                  (no boots)
Stlth    ++........             (no amulet)
HPRegen  0.04/turn              (no ring)
MPRegen  0.09/turn              (no ring)

@: very slightly contaminated
A: no food or potions, fire vulnerability, cold resistance 1, negative energy
resistance 3, torment resistance, unbreathing
a: no special abilities


You were on level 2 of the Dungeon.
You were not hungry.

You visited 1 branch of the dungeon, and saw 2 of its levels.

Inventory:

Armour
 a - a +0 robe (worn)
 b - a +0 hat (worn)
Scrolls
 c - a scroll of enchant armour {!r, unknown}
 d - a scroll of teleportation {!r, unknown}


   Skills:
 - Level 1.5 Dodging
 - Level 1.5 Stealth
 - Level 4.0 Spellcasting
 + Level 1.0 Conjurations
   Level 0.7 Summonings
   Level 0.7 Translocations


You had 7 spell levels left.
You knew the following spells:

 Your Spells              Type           Power        Failure   Level  Hunger
a - Magic Dart            Conj           #...         11%         1    N/A

Dungeon Overview and Level Annotations

Branches:
Dungeon (2/15)

Altars:


Innate Abilities, Weirdness & Mutations

You do not eat or drink.
Your flesh is vulnerable to fire.
You are immune to poison.
Your flesh is cold resistant. (rC+)
You are immune to negative energy. (rN+++)
You are immune to unholy pain and torment.
You can survive without breathing.


Message History

Aim: an orc, wielding a hand axe (resting)
The magic dart hits the orc.
The orc is moderately wounded.
The orc shouts!
An orc wizard comes into view. It is wielding a dagger.
You start resting.
A giant cockroach comes into view.
Casting: Magic Dart (safe; 11% risk of failure)
Confirm with . or Enter, or press ? or * to list all spells.
Aiming: Magic Dart (safe; 11% risk of failure)
Press: ? - help, Shift-Dir - straight line, f - giant cockroach
Aim: a giant cockroach (clinging, hasn't noticed you)
The magic dart hits the giant cockroach.
The giant cockroach is lightly wounded.
Unknown command.
A kobold comes into view. It is wielding a short sword.
The kobold throws a stone.
The stone hits you.
You see here a stone.
The kobold throws a stone.
The stone barely misses you.
You see here a stone.
Casting: Magic Dart (safe; 11% risk of failure)
Confirm with . or Enter, or press ? or * to list all spells.
Aiming: Magic Dart (safe; 11% risk of failure)
Press: ? - help, Shift-Dir - straight line, f/p - giant cockroach
Aim: a giant cockroach (lightly wounded, clinging)
You miscast Magic Dart.
You are very lightly contaminated with residual magic.
Wisps of smoke drift from your hands.
The kobold throws a stone.
The stone hits you but does no damage.
Casting: Magic Dart (safe; 11% risk of failure)
Confirm with . or Enter, or press ? or * to list all spells.
Aiming: Magic Dart (safe; 11% risk of failure)
Press: ? - help, Shift-Dir - straight line, f/p - giant cockroach
Aim: a giant cockroach (lightly wounded, clinging)
The magic dart hits the giant cockroach.
The giant cockroach is lightly wounded.
The kobold throws a stone.
The stone hits you but does no damage.
Casting: Magic Dart (safe; 11% risk of failure)
Confirm with . or Enter, or press ? or * to list all spells.
Aiming: Magic Dart (safe; 11% risk of failure)
Press: ? - help, Shift-Dir - straight line, f/p - giant cockroach
Aim: a giant cockroach (lightly wounded, clinging)
You miscast Magic Dart.
Wisps of smoke drift from your hands.
Casting: Magic Dart (safe; 11% risk of failure)
Confirm with . or Enter, or press ? or * to list all spells.
Aiming: Magic Dart (safe; 11% risk of failure)
Press: ? - help, Shift-Dir - straight line, f/p - giant cockroach
Aim: a giant cockroach (lightly wounded, clinging)
The magic dart hits the giant cockroach.
The giant cockroach is lightly wounded.
The giant cockroach barely misses you.
You hit the kobold.
The kobold is heavily wounded.
The giant cockroach bites you. The kobold barely misses you.
The giant cockroach bites you but does no damage.
You hit the kobold but do no damage.
The kobold is heavily wounded.
The kobold hits you with a short sword.
* * * LOW HITPOINT WARNING * * *
The giant cockroach bites you but does no damage.
You barely miss the kobold.
The kobold is heavily wounded.
The kobold hits you with a short sword.
You die...

######### o.
#.@so...# .#
#.#####K#####.#
..
............#.#
.##
#.......###.#.#
.. #.####..#
#.# .# #..#
#s##.# #..#
#....# ♣..#
###### ♣♣.%


You could see an orc, a giant cockroach and a kobold.

Vanquished Creatures
  A bat (D:2)
  A frilled lizard (D:1)
2 creatures vanquished.

Notes
Turn   | Place    | Note
-------+----------+-------------------------------------------
     0 | D:1      | Amnesiac the Mummy Wizard began the quest for the Orb.
     0 | D:1      | Reached XP level 1. HP: 13/13 MP: 5/5
    12 | D:2      | Reached skill level 1 in Conjurations
    52 | D:2      | Noticed an orc wizard
    72 | D:2      | Slain by a kobold

Vault maps used:
D:1:      minmay_arrival_five_plusses
D:2:      lemuel_coloured_pillars_altar, serial_forest, infiniplex_forest_end_2,
          infiniplex_forest_3_way, infiniplex_forest_clump_small,
          infiniplex_forest_end_2, infiniplex_forest_pool,
          infiniplex_forest_clump_double, infiniplex_forest_clump_diagonal

Skill      XL: |  1 |
---------------+----+-----
Conjurations   | 1 |  1.0
Dodging        | |  1.5
Stealth        | |  1.5
Spellcasting   | |  4.0
Summonings     | |  0.7
Translocations | |  0.7

Action                   || total
-------------------------++-------
Melee: Unarmed           ||     3
 Cast: Magic Dart        ||     7
Armor: Robe              ||     3
Dodge: Dodged            ||     5

Table legend:
 A = Spawn XP
 B = Non-spawn XP
 C = Spawn XP percentage of total XP
 D = Spawn monster count
 E = Non-spawn monster count
 F = Spawn count percentage of total count
 G = Total turns spent on level
                    A         B        C        D         E        F      G
               +---------+---------+-------+---------+---------+-------+---------
         Total |       0 |       2 |   0.0 |       0 |       2 |   0.0 |    72
               +---------+---------+-------+---------+---------+-------+---------
           D:1 |       0 |       1 |   0.0 |       0 |       1 |   0.0 |     8
           D:2 |       0 |       1 |   0.0 |       0 |       1 |   0.0 |    64
               +---------+---------+-------+---------+---------+-------+---------
